 Dungeon Crawl Stone Soup version 0.31-a0-188-g5e087ee2ca (webtiles) character file.

Game seed: 12794520433394189925

63 qw the Shooter (level 3, -3/20 HPs)
             Began as a Deep Elf Hunter on June 23, 2023.
             Succumbed to Robin's poison
             ... on level 2 of the Dungeon.
             The game lasted 00:00:30 (1062 turns).

qw the Shooter (Deep Elf Hunter)                    Turns: 1062, Time: 00:00:30

Health: -3/20      AC:  5    Str: 10    XL:     3   Next: 89%
Magic:  5/5        EV: 11    Int: 13    God:
Gold:   83         SH:  0    Dex: 18    Spells: 2/2 levels left

rFire   . . .        Y - +0 shortbow
rCold   . . .        (shield currently unavailable)
rNeg    . . .        d - +0 ring mail
rPois   .            (no helmet)
rElec   .            (no cloak)
rCorr   .            (no gloves)
SInv    .            (no boots)
Will    .....        (no amulet)
Stlth   +            (no ring)
HPRegen 0.23/turn    (no ring)
MPRegen 0.09/turn

%: no passive effects
@: lethally poisoned (-3 -> -25)
A: no striking features
a: no special abilities


You were on level 2 of the Dungeon.
You visited 1 branch of the dungeon, and saw 2 of its levels.

You collected 192 gold pieces.
You spent 109 gold pieces at shops.


   Skills:
 - Level 1.5 Fighting
 + Level 7.3 Ranged Weapons
 - Level 2.4 Dodging
 - Level 1.2 Stealth


You had 2 spell levels left.
You didn't know any spells.
Your spell library was empty.

Inventory:

Hand Weapons
 Y - a +0 shortbow (weapon)
Armour
 d - a +0 ring mail (worn)
Scrolls
 b - 2 scrolls of teleportation {unknown}
 c - 2 scrolls of identify {unknown}
 g - a scroll of noise {unknown}
 h - a scroll of enchant weapon {unknown}
 k - a scroll of silence {unknown}
Potions
 a - 2 potions of curing {unknown}
 e - a potion of heal wounds {unknown}
 f - 2 potions of mutation {unknown}
 i - a potion of experience {unknown}
 j - a potion of might {unknown}

Dungeon Overview and Level Annotations

Branches:
Dungeon (2/15)

Altars:

Shops:
D:2 *

Annotations:
D:2 Robin


Message History

The arrow hits the goblin but does no damage.
You shoot an arrow. The arrow closely misses the goblin.
The goblin barely misses you.
You shoot an arrow.
The arrow hits the goblin but does no damage.
The goblin hits you but does no damage.
Robin of the Strong Arm comes into view.
They are wielding a +2 trident of venom.
The goblin hits you but does no damage.
You shoot an arrow. The arrow hits the goblin.
You kill the goblin!
The goblin misses you.
Robin points. "Kill!"
You shoot an arrow. The arrow barely misses the goblin.
A hobgoblin comes into view.
The goblin closely misses you. The goblin hits you but does no damage.
Robin roars a battlecry!
The goblins go into a battle-frenzy!
You shoot an arrow. The arrow hits the goblin!
You kill the goblin!
You shoot an arrow. The arrow closely misses Robin.
Robin hits you but does no damage.
You are poisoned.
You shoot an arrow.
The arrow hits Robin but does no damage.
You feel very sick. Robin hits you but does no damage.
You shoot an arrow. The arrow hits Robin!
Robin is heavily wounded.
You feel sick.
Robin hits you from afar with a +2 trident of venom.
You are lethally poisoned!
You shoot an arrow. The arrow hits Robin.
Robin is heavily wounded.
You feel very sick.
Robin hits you from afar with a +2 trident of venom.
You are more poisoned.
A hobgoblin comes into view.
You shoot an arrow. The arrow hits Robin.
Robin is almost dead.
You die...

#####.######## ### #...>.##
######.. #.##...# ## #......#
#....#.# .g #.....## ##..#.#.#
.# ### ##.....#. #.....#.## g#
....#.......) #.###.#..## g#
#.........## #.#
#.##..######)##.#..#...#####
#.###.###......@)...............
#.......########.......#.##.....
#####.#.# .##.#.##.##.###. #.#.#
#.. .#..#. #......#.
#.#.####.#####..#. ####.#.#.
#.#.##.....#....#.## #.#...
#.#.##.....#.#..)..####.#..#
#.#.##.......#.#........##.#
#...##.....#.#...<%##.##...#


You could see Robin and 2 hobgoblins.

Vanquished Creatures
  An adder (D:2)
  4 ball pythons
  2 bats (D:2)
  4 endoplasms (D:1)
  2 giant cockroaches
  9 goblins
  6 hobgoblins
  7 jackals
  2 quokkas (D:2)
  A frilled lizard (D:2)
  3 kobolds
  3 rats
44 creatures vanquished.

Notes
Turn   | Place    | Note
-------+----------+-------------------------------------------
     0 | D:1      | qw the Deep Elf Hunter began the quest for the Orb.
     0 | D:1      | Reached XP level 1. HP: 12/12 MP: 3/3
     0 | D:1      | 0 ||| qw: Version: 0.3-a-9-g12657ce
     0 | D:1      | 0 ||| qw: Game counter: 3249
     0 | D:1      | 0 ||| qw: Always use a shield: true
     0 | D:1      | 0 ||| qw: God list: Okawaru
     0 | D:1      | 0 ||| qw: Allow faded altars: false
     0 | D:1      | 0 ||| qw: Do Orc after D:15 true
     0 | D:1      | 0 ||| qw: Do second Lair branch before Depths: true
     0 | D:1      | 0 ||| qw: Lair rune preference: random
     0 | D:1      | 0 ||| qw: Plans: Normal
     0 | D:1      | 0 ||| PLANNING D:1-11
   108 | D:1      | Reached skill level 6 in Ranged Weapons
   108 | D:1      | Reached XP level 2. HP: 12/16 MP: 4/4
   575 | D:1      | Found a faded altar of an unknown god.
   608 | D:1      | 608 ||| UPGRADING to +0 ring mail.
   618 | D:1      | 618 ||| DROPPING +0 leather armour.
   619 | D:1      | 619 ||| READING scroll labelled ROFOLOSHRUGE.
   620 | D:1      | 620 ||| READING scroll labelled PIZUPA MUAFAL.
   621 | D:1      | 621 ||| READING scroll labelled SIRIBR KYAGANG.
   622 | D:1      | 622 ||| DRINKING 2 metallic green potions.
   623 | D:1      | 623 ||| DROPPING scroll of butterflies.
   624 | D:1      | 624 ||| DROPPING potion of attraction.
   674 | D:2      | Reached XP level 3. HP: 20/20 MP: 5/5
   852 | D:2      | Reached skill level 7 in Ranged Weapons
   950 | D:2      | Found Neudeome's Assorted Antiques.
   976 | D:2      | 976 ||| BUYING gluggy clear potion (25 gold).
   976 | D:2      | Bought a gluggy clear potion for 25 gold pieces
   976 | D:2      | 976 ||| BUYING scroll labelled BAOHAL ZEMIZI (28 gold).
   976 | D:2      | Bought a scroll labelled BAOHAL ZEMIZI for 28 gold pieces
   976 | D:2      | 976 ||| BUYING scroll labelled NEEL ALAAKLUAX (28 gold).
   976 | D:2      | Bought a scroll labelled NEEL ALAAKLUAX for 28 gold pieces
   976 | D:2      | 976 ||| BUYING scroll labelled OFRU PICESMINO (28 gold).
   976 | D:2      | Bought a scroll labelled OFRU PICESMINO for 28 gold pieces
  1054 | D:2      | Noticed Robin
  1061 | D:2      | HP: 4/20 [poisoned by Robin]
  1062 | D:2      | Succumbed to Robin's poison

Levels and vault maps discovered:
D:1:      scummos_arrival_star, layout_loops_ring,
          dreamdust_ecumenical_altar_statues
D:2:      layout_basic, serial_shops, shop_coins, minmay_pentomino_r2,
          uniq_robin

Skill      XL: |  1  2  3 |
---------------+----------+-----
Ranged Weapons | 6 7 |  7.3
Fighting       | |  1.5
Dodging        | |  2.4
Stealth        | |  1.2

Action                     || total
---------------------------++-------
   Fire: Shortbow          ||   120
    Use: Scroll            ||     3
         Potion            ||     1
 Armour: Leather armour    ||    10
         Ring mail         ||    10
  Dodge: Dodged            ||    30

Table legend:
 A = Non-vault XP
 B = Vault XP
 C = Vault XP percentage of total XP
 D = Non-vault monster count
 E = Vault monster count
 F = Vault count percentage of total count
                 A         B        C        D         E       F
            +---------+---------+-------+---------+---------+-------
      Total |      70 |      21 |  23.1 |      39 |       5 |  11.4
            +---------+---------+-------+---------+---------+-------
        D:1 |      33 |       0 |   0.0 |      18 |       0 |   0.0
        D:2 |      37 |      21 |  36.2 |      21 |       5 |  19.2
            +---------+---------+-------+---------+---------+-------
